 Dungeon Crawl Stone Soup version 0.24-a0-639-gb70a11d811 (webtiles) character file.

Game seed: 2781986133274583424, levelgen mode: deterministic

283888 Artagas the Slayer (level 19, -9/196 HPs)
             Began as a Minotaur Chaos Knight on Sept 19, 2019.
             Was a High Priest of Trog.
             Splashed by a deep elf sorcerer's acid (11 damage)
             ... on level 3 of the Elven Halls on Sept 23, 2019.
             The game lasted 01:52:53 (50224 turns).

Artagas the Slayer (Minotaur Chaos Knight)         Turns: 50224, Time: 01:52:54

Health: -9/196     AC: 31    Str: 27    XL:     19   Next: 77%
Magic:  25/25      EV: 10    Int:  9    God:    Trog [*****.]
Gold:   356        SH: 23    Dex: 11    Spells: 18/18 levels left

rFire    + . .     SeeInvis .   a - +9 broad axe (chop)
rCold    . . .     Gourm    .   O - +2 large shield "Rodosa Lye" {Int+2}
rNeg     . . .     Faith    .   X - +8 plate armour {rF+}
rPois    +         Spirit   .   (helmet unavailable)
rElec    .         Reflect  .   M - +1 cloak {rPois}
rCorr    .         Harm     .   F - +1 pair of gloves {Str+3}
MR       ++++.                  S - +1 pair of boots
Stlth    ..........             A - amulet of magic regeneration
HPRegen  1.42/turn              m - ring of protection from magic
MPRegen  0.44/turn              B - ring "Ugyh" {Wiz *Drain rPois Slay+5}

@: corroded, very slightly contaminated, regenerating
A: retaliatory headbutt, horns 3, blurry vision 1, dopey 1, subdued magic 1
}: 2/15 runes: decaying, serpentine
a: Berserk, Trog's Hand, Brothers in Arms, Renounce Religion


You were on level 3 of the Elven Halls.
You worshipped Trog.
Trog was extremely pleased with you.
You were not hungry.

You visited 7 branches of the dungeon, and saw 35 of its levels.
You also visited: Sewer and Volcano.

You collected 3900 gold pieces.
You spent 3544 gold pieces at shops.

Inventory:

Hand Weapons
 a - a +9 broad axe of chopping (weapon)
   (Trog gifted it to you on level 6 of the Lair of Beasts)
 b - a +6 broad axe of flaming
   (Trog gifted it to you on level 2 of the Swamp)
Missiles
 j - 2 throwing nets (quivered)
Armour
 F - a +1 pair of gloves of strength (worn)
   (You bought it in a shop on level 1 of the Snake Pit)
 M - a +1 cloak of poison resistance (worn)
   (You bought it in a shop on level 9 of the Dungeon)
 O - the +2 large shield "Rodosa Lye" (worn) {Int+2}
   (You bought it in a shop on level 1 of the Snake Pit)

   It affects your intelligence (+2).
 R - the +6 chain mail of Dogmatism {rPois rC+ Dex-3 Slay+4}
   (You bought it in a shop on level 1 of the Snake Pit)

   It affects your dexterity (-3).
   It affects your accuracy and damage with ranged weapons and melee attacks
   (+4).
   It protects you from cold.
   It protects you from poison.
 S - a +1 pair of boots (worn)
   (You found it on level 4 of the Dungeon)
 X - a +8 plate armour of fire resistance (worn)
   (You bought it in a shop on level 2 of the Orcish Mines)
Jewellery
 c - an uncursed ring of protection from cold
   (You found it on level 1 of the Dungeon)
 f - an uncursed ring of protection from fire
   (You found it on level 8 of the Dungeon)
 i - an uncursed ring of see invisible
   (You found it on level 4 of the Lair of Beasts)
 m - a ring of protection from magic (left hand)
   (You found it on level 14 of the Dungeon)
 A - an amulet of magic regeneration (around neck)
   (You found it on level 1 of the Swamp)
 B - the ring "Ugyh" (right hand) {Wiz *Drain rPois Slay+5}
   (You bought it in a shop on level 2 of the Orcish Mines)

   [ring of wizardry]

   It improves your spell success rate.
   It affects your accuracy and damage with ranged weapons and melee attacks
   (+5).
   It protects you from poison.
   It causes draining when unequipped.
 J - an uncursed ring of flight
   (You found it on level 9 of the Dungeon)
Wands
 k - a wand of iceblast (15)
   (You found it on level 1 of the Snake Pit)
 u - a wand of scattershot (8)
   (You found it on level 4 of the Swamp)
 v - a wand of digging (13)
   (You found it on level 11 of the Dungeon)
 H - a wand of paralysis (21)
   (You found it on level 9 of the Dungeon)
 K - a wand of disintegration (11)
   (You found it on level 3 of the Swamp)
 T - a wand of clouds (3)
   (You found it on level 2 of the Elven Halls)
 Y - a wand of acid (27)
   (You found it on level 3 of the Swamp)
 Z - a wand of enslavement (10)
   (You found it on level 1 of the Swamp)
Scrolls
 g - 5 scrolls of immolation
 p - 10 scrolls of remove curse
 r - 4 scrolls of identify
 t - 15 scrolls of teleportation
 x - 7 scrolls of fear
 z - a scroll of blinking
 D - 5 scrolls of fog
 G - 2 scrolls of silence
 V - 8 scrolls of magic mapping
 W - a scroll of summoning
Potions
 d - 4 potions of might
 h - 5 potions of haste
 l - a potion of magic
 n - 4 potions of resistance
 o - a potion of invisibility
 q - 19 potions of curing
 s - 7 potions of agility
 w - 7 potions of heal wounds
 y - 5 potions of lignification
 C - a potion of berserk rage
 E - a potion of cancellation
 I - 2 potions of mutation
 L - 3 potions of ambrosia
 N - 4 potions of flight
 Q - 7 potions of brilliance
Miscellaneous
 P - a box of beasts
Comestibles
 e - 20 rations


   Skills:
 + Level 23.6 Fighting
 - Level 18.0 Axes
 - Level 19.0 Armour
 - Level 9.0 Dodging
 - Level 16.0 Shields
 + Level 9.7 Evocations


You had 18 spell levels left.
You didn't know any spells.
Your spell library contained the following spells:

 Spells                   Type           Power        Failure   Level  Hunger
 Recall                   Summ/Tloc      N/A          99%         3    ####...
 Animate Dead             Necr           N/A          100%        4    #####..
 Borgnjor's Vile Clutch   Necr/Erth      #.........   100%        5    ######.
 Death Channel            Necr           #.........   100%        6    #######
 Simulacrum               Ice/Necr       #.........   100%        6    #######


Dungeon Overview and Level Annotations

Branches:
Dungeon (15/15)            Temple (1/1) D:4            Lair (6/6) D:11
  Swamp (4/4) Lair:3        Snake (4/4) Lair:3        Slime (0/5) Lair:5
    Orc (2/2) D:10            Elf (3/3) Orc:2        Vaults (0/5) D:14
 Depths (0/5) D:15          Sewer (visited)         Volcano (visited)

Altars:
Ashenzari
Cheibriados
Dithmenos
Elyvilon
Fedhas
Gozag
Hepliaklqana
Kikubaaqudgha
Makhleb
Nemelex Xobeh
Okawaru
Qazlal
Ru
Sif Muna
Trog
Uskayaw
Vehumet
Wu Jian
Xom
Yredelemnul
Zin
The Shining One
Lugonu

Shops:
D:2 *   D:4 *   D:9 [   Orc:2 :[:=   Elf:2 (   Elf:3 [   Snake:1 [   Snake:2 *:
Snake:3 :?[}

Annotations:
D:7 2 transporters, 2 runed translucent doors, Menkaure; SnubMonkey's ghost, novice DsGl
Lair:2 3 runed translucent doors, Deluxe999's ghost, journeyman MiBe
Lair:5 3 runed translucent doors, Dekurer's ghost, journeyman GrEE; Efitis's ghost, journeyman HaHu
Snake:4 2 transporters, Voker57's ghost, adept HOFi


Innate Abilities, Weirdness & Mutations

You reflexively headbutt those who attack you in melee.
You have a pair of large horns on your head.
Scrolls take you a little longer to read.
You are dopey. (Int -2)
Your spells are a little easier to cast, but a little less powerful.


Message History

L - 3 potions of ambrosia (gained 1)
You open the door.
There is an open door here.
There is an open door here.
There is an open door here.
You open the door.
There is an open door here.
There is an open door here.
There is an open door here.
Things that are here:
a +0 leather armour; a +0 short sword The deep elf annihilator shouts!
You hear a shout!
Items here: ))))))) [[[ A deep elf annihilator is nearby!
A deep elf annihilator is nearby!
A deep elf annihilator is nearby!
The deep elf annihilator points at you and mumbles some strange words.
The bolt of lightning hits you!!
The deep elf annihilator casts a spell.
The deep elf annihilator blinks!
The deep elf mage shouts!
A deep elf mage comes into view. It is wielding a +0 rapier.
The deep elf master archer wields a +0 longbow.
The deep elf master archer shoots an arrow.
You block the arrow.
A deep elf mage comes into view.
It is wielding a +1 rapier of protection.
The deep elf mage shouts!
The deep elf sorcerer shouts!
You hear a shout!
Found a ration.
You see here an arrow.
A deep elf archer comes into view. It is wielding a +0 short sword.
The deep elf mage drinks a potion.
The deep elf mage flickers and vanishes!
Deactivating autopickup; reactivate with Ctrl-A.
The deep elf master archer shoots an arrow.
The arrow closely misses you.
A +0 trident of freezing comes into view.
The deep elf master archer shoots an arrow.
The arrow hits you!!
The deep elf annihilator gestures at you while chanting.
The bolt of lightning hits you!! x2
The deep elf archer unwields a +0 short sword.
The deep elf archer wields a +0 shortbow.
The deep elf archer shoots an arrow.
You block the arrow.
The deep elf master archer shoots an arrow.
You block the arrow.
The deep elf mage mumbles some strange words.
You hear a shout!
You see here 4 arrows.
The deep elf annihilator points at you and mumbles some strange words.
The bolt of lightning hits you!!
The deep elf master archer shoots an arrow.
The arrow barely misses you.
The deep elf master archer shoots an arrow.
The arrow hits you.
You hear a shout!
You see here 2 arrows.
The deep elf master archer shoots an arrow.
The arrow hits you!
* * * LOW HITPOINT WARNING * * *
You see here an arrow.
Really read with blurry vision while enemies are nearby?
The deep elf sorcerer mumbles some strange words.
The deep elf sorcerer seems to speed up.
The deep elf master archer shoots an arrow.
You block the arrow.
The deep elf archer unwields a +0 dagger.
The deep elf archer wields a +0 shortbow.
The deep elf archer shoots an arrow.
You block the arrow.
You begin reading the scroll.
You continue reading the scroll.
The deep elf archer shoots an arrow.
The arrow hits you.
* * * LOW HITPOINT WARNING * * *
The deep elf mage gestures wildly while chanting.
The deep elf mage blinks!
The deep elf mage casts a spell.
The deep elf mage blinks!
You hear a shout!
Blink to where?
Press: ? - help, Dir - move target cursor You are very lightly contaminated with residual magic.
As you read the scroll of blinking, it crumbles to dust.
Your skin crawls.
You feel resistant to hostile enchantments.
You feel somewhat more hungry.
There is an open door here.
Things that are here:
a +0 ring mail; a +0 short sword; an elf skeleton The deep elf sorcerer gestures at you while chanting.
The sphere of damnation explodes!
The damnation engulfs you!!!
* * * LOW HITPOINT WARNING * * *
Okay, then.
You feel much better.
The deep elf sorcerer gestures at you while chanting.
The sphere of damnation explodes!
The damnation engulfs you!
* * * LOW HITPOINT WARNING * * *
The deep elf sorcerer casts a spell at you.
The bolt of acid hits you!
* * * LOW HITPOINT WARNING * * *
The acid corrodes you!
You are splashed with acid!
You die...
Xom bursts into laughter!

#.....'...+.....+..........###.
#.....#####.....####.####...##.
##...## ......# #.# ##...'.
##.## ####...####'######.##.
#'# ##+##.......# #.### ##.#
#..'...)...# #.# # #.##
#).#.......###.### #.#
#<.#...)...'....## ##'#
#@.........###.... ##..#
#(...##'#### ##..# ##...#
#().).).#######..# #....#
#)(([............# '....#
#.[.)....#######'# #.....#
##'##..e..##....... ####...#
##...#.#..)##....... ###.....#
#......#.#.##....... ..'.....#
#......'....'.....^.


You could see a deep elf sorcerer.

Vanquished Creatures
  Jorgrun (Orc:1)
  Rupert (D:14)
  2 deep elf blademasters (Elf:3)
  The ghost of Bidgh the Executioner, an adept MiBe of Trog (Swamp:3)
  The ghost of soark the Warrior, an adept DsFi of Okawaru (Swamp:4)
  5 thorn hunters
  10 nagarajas
  2 deep elf sorcerers
  Louise (Elf:3)
  Aizul (Snake:3)
  6 deep elf elementalists
  A stone giant (Volcano)
  An ironheart preserver (D:14)
  6 deep elf annihilators
  2 deep elf demonologists
  A dire elephant (D:15)
  Nessos (Orc:2)
  Snorg (D:10)
  3 deep elf death magi (Elf:3)
  Josephine (Lair:6)
  2 deep elf high priests (Elf:3)
  Erolcha (D:11)
  16 naga warriors
  21 hydras
  5 centaur warriors
  6 anacondas
  5 shambling mangroves
  2 ghost crabs (Swamp:4)
  4 two-headed ogres
  2 catoblepae (Lair:3)
  21 dancing weapons
  2 tengu warriors (D:12)
  13 alligators
  4 orc high priests
  15 naga sharpshooters
  12 deep elf knights
  Urug (D:10)
  Sonja (Orc:1)
  7 shock serpents
  7 spriggans
  4 salamander mystics
  An unseen horror (D:15)
  6 sea snakes (Snake:3)
  2 wizards (D:14)
  6 spriggan druids
  7 naga ritualists
  13 swamp dragons
  12 deep elf archers
  53 deep elf magi
  Pikel (D:6)
  A wolf spider (D:15)
  5 cyclopes
  2 orc knights (Orc:2)
  A spectral alligator (Swamp:4)
  5 orc sorcerers
  6 ugly things
  8 mana vipers
  An oklob plant (D:11)
  3 manticores
  5 salamanders
  Joseph (D:8)
  2 centaur zombies (D:14)
  25 black mambas
  A spectral spriggan (Swamp:4)
  5 guardian serpents
  15 elephants
  Maurice (D:8)
  12 naga magi
  2 molten gargoyles (Volcano)
  A gargoyle (Volcano)
  42 spiny frogs
  An eye of devastation (Lair:5)
  2 efreet
  2 rime drakes
  5 komodo dragons
  10 trolls
  2 tengu conjurers (D:14)
  Grinder (D:6)
  13 hornets
  A polar bear (Lair:5)
  20 tyrant leeches
  2 bog bodies
  10 dream sheep (Lair:6)
  23 blink frogs
  11 slime creatures
  A spectral tyrant leech (Swamp:4)
  11 hippogriffs
  4 shadows
  2 air elementals (Elf:3)
  6 wraiths
  3 water elementals
  A vampire (D:13)
  18 yaks
  A basilisk (Lair:3)
  4 fire elementals
  2 fire bats (Volcano)
  2 steam dragons
  3 wyverns
  3 hungry ghosts
  Eustachio (D:5)
  17 vampire mosquitoes
  Grum (D:8)
  A warg (Orc:1)
  18 insubstantial wisps
  77 nagas
  11 swamp worms
  An acid dragon (D:14)
  15 water moccasins
  2 hell hounds (Orc:2)
  12 swamp drakes
  A spectral hornet (Swamp:4)
  9 porcupines
  25 orc warriors
  2 sky beasts (D:8)
  A slave (D:6)
  5 black bears
  2 eyes of draining
  6 ogres
  A phantom (D:4)
  An alligator simulacrum (Swamp:4)
  5 wolves
  10 centaurs
  11 crocodiles
  Blork the orc (D:4)
  A spriggan simulacrum (Swamp:4)
  5 big kobolds
  23 bullfrogs
  A spiny frog simulacrum (Swamp:4)
  An earth elemental (Volcano)
  A scorpion (D:12)
  3 wights (D:11)
  16 killer bees
  4 electric eels
  A howler monkey (D:10)
  4 crimson imps
  A bullfrog zombie (D:12)
  5 lava snakes (Volcano)
  3 jellies (D:8)
  4 centaur skeletons
  22 orc priests
  4 hounds
  17 orc wizards
  Ijyb (D:3)
  Natasha (twice) (D:2)
  7 iguanas
  14 worker ants
  A killer bee zombie (D:6)
  2 hound zombies
  2 hound skeletons
  A worker ant zombie (D:11)
  7 gnolls
  13 adders
  6 shadow imps
  2 swamp drake simulacra (Swamp:4)
  5 oozes (D:8)
  An adder skeleton (D:6)
  A worm (D:2)
  6 dart slugs
  5 leopard geckos
  86 orcs
  3 ball pythons
  9 bats
  15 giant cockroaches
  6 goblins
  7 hobgoblins
  9 jackals
  5 quokkas
  6 frilled lizards
  32 kobolds
  5 rats
  9 briar patches
  A butterfly (Lair:3)
  6 fungi
  6 plants
1241 creatures vanquished.

Vanquished Creatures (collateral kills)
  Mara (Swamp:3)
  A deep elf master archer (Elf:3)
  A deep elf blademaster (Elf:2)
  A nagaraja (Snake:4)
  A deep elf elementalist (Elf:3)
  A deep elf demonologist (Elf:3)
  A deep elf death mage (Elf:3)
  2 hydras
  2 dancing weapons (Elf:2)
  3 naga sharpshooters (Snake:4)
  A shock serpent (Snake:4)
  2 orc knights (Orc:2)
  A naga ritualist (Snake:4)
  2 mana vipers (Snake:4)
  A salamander (D:15)
  A naga mage (Snake:4)
  4 nagas (Snake:4)
  An ogre (D:4)
  A spriggan simulacrum (Swamp:4)
  An orc wizard (Orc:2)
  A worker ant (D:4)
  A swamp drake simulacrum (Swamp:4)
31 creatures vanquished.

Vanquished Creatures (others)
  A naga ritualist (Snake:4)
  A deep elf mage (Elf:1)
  A swamp worm (Swamp:4)
  A swamp drake (Swamp:3)
  A slave (D:6)
  A shadow imp (D:6)
  8 dart slugs (D:6)
  An orc (D:11)
  4 briar patches (Swamp:4)
  A crawling corpse (Elf:3)
  14 fungi (Lair:6)
  51 plants
85 creatures vanquished.

Grand Total: 1357 creatures vanquished

Notes
Turn   | Place    | Note
-------+----------+-------------------------------------------
     0 | D:1      | Artagas the Minotaur Chaos Knight began the quest for the
                  | Orb.
     0 | D:1      | Reached XP level 1. HP: 19/19 MP: 0/0
    63 | D:1      | XOM: smoke on damage
   116 | D:1      | XOM: silly message
   243 | D:1      | Reached skill level 4 in Fighting
   243 | D:1      | Reached skill level 4 in Axes
   243 | D:1      | Reached XP level 2. HP: 19/27 MP: 1/1
   439 | D:1      | XOM: harmless Air miscast
   597 | D:1      | XOM: harmless Erth miscast
   738 | D:2      | Reached XP level 3. HP: 30/34 MP: 2/2
   874 | D:2      | XOM: silly message
   877 | D:2      | Found Zin's Purification Station.
   877 | D:2      | Found a glowing silver altar of Zin.
   877 | D:2      | Noticed Natasha
   884 | D:2      | Killed Natasha
   974 | D:2      | Reached XP level 4. HP: 41/41 MP: 3/3
   989 | D:2      | Reached skill level 5 in Fighting
   989 | D:2      | Reached skill level 5 in Axes
  1071 | D:2      | XOM: silly message
  1124 | D:2      | XOM: harmless Chrm miscast
  1290 | D:2      | Noticed Natasha
  1299 | D:2      | Killed Natasha
  1583 | D:3      | Noticed Ijyb
  1585 | D:3      | Paralysed by Ijyb for 2 turns
  1592 | D:3      | XOM: confusion
  1602 | D:3      | Killed Ijyb
  1602 | D:3      | Reached XP level 5. HP: 47/49 MP: 4/4
  2114 | D:3      | XOM: 3-stop teleportation journey
  2319 | D:3      | XOM: mild Tmut miscast
  2340 | D:3      | Reached skill level 6 in Fighting
  2340 | D:3      | Reached skill level 6 in Axes
  2483 | D:3      | XOM: mild Pois miscast
  2713 | D:4      | Noticed Blork the orc
  2715 | D:4      | XOM: enchant monster (bad)
  2718 | D:4      | XOM: summons friendly shadow imp
  2726 | D:4      | Killed Blork the orc
  2726 | D:4      | Reached XP level 6. HP: 16/58 MP: 5/5
  2829 | D:4      | XOM: harmless Hex miscast
  2924 | D:4      | XOM: medium Chrm miscast
  3005 | D:4      | XOM: summons 6 friendly demons
  3155 | D:4      | XOM: chaos upgrade
  3162 | D:4      | Reached skill level 7 in Fighting
  3162 | D:4      | Reached skill level 7 in Axes
  3203 | D:4      | XOM: enchant monster (bad)
  3364 | D:4      | Found an ornate altar of the Wu Jian Council.
  3441 | D:4      | Found a staircase to the Ecumenical Temple.
  3449 | D:4      | XOM: scenery: create altars
  3451 | D:4      | XOM: 1-stop teleportation journey
  3467 | D:4      | XOM: harmless Necr miscast
  3469 | D:4      | XOM: scenery: create altars
  3478 | D:4      | Reached skill level 3 in Armour
  3478 | D:4      | Reached skill level 2 in Dodging
  3478 | D:4      | Reached XP level 7. HP: 44/66 MP: 6/6
  3634 | Temple   | XOM: noise
  3634 | Temple   | Entered the Ecumenical Temple
  3649 | Temple   | XOM: silly message
  3716 | Temple   | Fell from the grace of Xom
  3716 | Temple   | Became a worshipper of Ru the Awakened
  3793 | D:4      | Reached skill level 4 in Armour
  4173 | D:4      | Found Tumonuuj's Assorted Antiques.
  4176 | D:4      | Bought a scroll of identify for 34 gold pieces
  4176 | D:4      | Bought a scroll labeled OBURPH WA AMUON for 17 gold pieces
  4257 | D:5      | Entered Level 5 of the Dungeon
  4257 | D:5      | Noticed a +0 hand axe
  4257 | D:5      | Noticed a +0 dagger
  4258 | D:5      | Found a hide-covered altar of Uskayaw.
  4429 | D:5      | XOM: blink monster(s)
  5103 | D:5      | Noticed Eustachio
  5122 | D:5      | Killed Eustachio
  5122 | D:5      | Reached skill level 5 in Armour
  5122 | D:5      | Reached skill level 3 in Dodging
  5273 | D:4      | Bought a runed shield for 127 gold pieces
  5315 | D:5      | Found a glowing golden altar of the Shining One.
  5315 | D:5      | Found a bloodstained altar of Trog.
  5317 | D:5      | Found an iron altar of Okawaru.
  5320 | D:5      | Found a stormy altar of Qazlal.
  5513 | D:5      | Fell from the grace of Ru
  5513 | D:5      | Became a worshipper of Trog the Wrathful
  5583 | D:5      | XOM: summons 1 hostile shadow creature
  5734 | D:5      | XOM: summons 2 hostile shadow creatures
  5826 | D:5      | XOM: god gift: 570 gold pieces
  5964 | D:4      | Bought a sharpened lead wand for 68 gold pieces
  5964 | D:4      | Bought a scroll of fear for 59 gold pieces
  5964 | D:4      | Bought a wand of random effects (15) for 17 gold pieces
  5964 | D:4      | Bought a potion of agility for 68 gold pieces
  5964 | D:4      | Bought a shiny chain mail for 127 gold pieces
  5964 | D:4      | Bought a small peridot amulet for 85 gold pieces
  6029 | D:6      | Noticed a hippogriff
  6029 | D:6      | Noticed Grinder
  6036 | D:5      | Reached XP level 8. HP: 55/74 MP: 7/7
  6116 | D:6      | Reached skill level 1 in Shields
  6134 | D:6      | Found a glowing drain.
  6152 | Sewer    | Entered a sewer
  6258 | Sewer    | Reached * piety under Trog
  6258 | Sewer    | Reached skill level 8 in Axes
  6258 | Sewer    | Reached skill level 2 in Shields
  6365 | Sewer    | Got an ancient ring mail
  6514 | D:6      | Reached skill level 8 in Fighting
  6514 | D:6      | Reached skill level 4 in Dodging
  6556 | D:6      | Reached skill level 6 in Armour
  6741 | D:6      | Noticed Pikel
  6754 | D:6      | Reached skill level 3 in Shields
  6764 | D:6      | Killed Pikel
  6764 | D:6      | Reached skill level 4 in Shields
  6764 | D:6      | Reached XP level 9. HP: 82/82 MP: 8/8
  7002 | D:6      | Reached skill level 9 in Axes
  7233 | D:6      | Killed Grinder
  7233 | D:6      | Reached skill level 9 in Fighting
  7233 | D:6      | Reached skill level 7 in Armour
  7457 | D:6      | XOM: medium Tloc miscast
  7720 | D:6      | Reached ** piety under Trog
  8109 | D:7      | Found a basalt altar of Yredelemnul.
  8255 | D:7      | Reached skill level 10 in Fighting
  8383 | D:7      | Noticed Menkaure
  8384 | D:7      | Found an ancient bone altar of Kikubaaqudgha.
  8386 | D:7      | Found a transporter.
  8471 | D:7      | Found a large runed translucent door.
  8476 | D:7      | Found a large runed translucent door.
  8495 | D:7      | Found a transporter.
  8608 | D:7      | Noticed SnubMonkey's ghost (novice DsGl)
  8647 | D:7      | XOM: give mutations
  8647 | D:7      | Gained mutation: You are dopey. (Int -2) [Xom's mischief]
  8647 | D:7      | Gained mutation: Your magical capacity is low. (-10% MP)
                  | [Xom's mischief]
  8647 | D:7      | Gained mutation: Scrolls take you a little longer to read.
                  | [Xom's mischief]
  8647 | D:7      | Gained mutation: Your body sometimes deteriorates upon
                  | taking damage. [Xom's mischief]
  8660 | D:7      | Found a shimmering blue altar of Sif Muna.
  8749 | D:8      | Reached skill level 10 in Axes
  8764 | D:8      | XOM: enchant monster (bad)
  8779 | D:8      | Noticed Maurice
  8965 | D:8      | Noticed a two-headed ogre
  8973 | D:8      | Killed a two-headed ogre
  8973 | D:8      | Reached skill level 11 in Fighting
  8973 | D:8      | Reached XP level 10. HP: 95/95 MP: 8/8
  9011 | D:8      | XOM: 3-stop teleportation journey
  9041 | D:8      | Reached skill level 11 in Axes
  9044 | D:8      | Reached *** piety under Trog
  9156 | D:8      | Found a white marble altar of Elyvilon.
  9507 | D:8      | Reached skill level 1 in Evocations
  9544 | D:8      | Noticed Joseph
  9566 | D:8      | Killed Joseph
  9566 | D:8      | Reached skill level 8 in Armour
  9566 | D:8      | Reached skill level 5 in Shields
  9813 | D:8      | Found a sparkling altar of Nemelex Xobeh.
  9860 | D:8      | Noticed Grum
  9872 | D:8      | Killed Grum
  9872 | D:8      | Reached skill level 2 in Evocations
 10501 | D:8      | Killed Maurice
 10529 | D:8      | XOM: divination: detect creatures
 10596 | D:9      | Reached skill level 6 in Shields
 10599 | D:9      | Reached skill level 3 in Evocations
 10603 | D:9      | XOM: noise
 10857 | D:9      | XOM: noise
 10891 | D:9      | Found a shimmering altar of Xom.
 11337 | D:9      | Found Reunkezy's Armour Shop.
 11340 | D:9      | Bought a +1 cloak of poison resistance for 202 gold pieces
 11534 | D:9      | Found a shadowy altar of Dithmenos.
 11559 | D:10     | Entered Level 10 of the Dungeon
 11563 | D:10     | Noticed Urug
 11570 | D:10     | Reached **** piety under Trog
 11701 | D:9      | XOM: harmless Chrm miscast
 11807 | D:10     | Killed Urug
 11807 | D:10     | Reached skill level 9 in Armour
 11807 | D:10     | Reached skill level 4 in Evocations
 12207 | D:10     | Noticed a five-headed hydra
 12215 | D:10     | Killed a five-headed hydra
 12215 | D:10     | Reached skill level 5 in Evocations
 12222 | D:10     | Reached XP level 11. HP: 86/102 MP: 12/12
 12410 | D:10     | Found a staircase to the Orcish Mines.
 12760 | D:10     | Upgraded the game from 0.24-a0-630-g0d56a851f4 to
                  | 0.24-a0-639-gb70a11d811
 13125 | D:11     | Noticed a green ugly thing
 13127 | D:11     | Noticed Snorg
 13156 | D:10     | Killed a green ugly thing
 13229 | D:10     | XOM: noise
 13328 | D:10     | Killed Snorg
 13526 | D:11     | XOM: mild Erth miscast
 13540 | D:11     | Noticed Erolcha
 13552 | D:11     | Killed Erolcha
 13552 | D:11     | Reached skill level 10 in Armour
 13552 | D:11     | Reached skill level 6 in Evocations
 13638 | D:11     | Noticed a two-headed ogre
 13657 | D:11     | Noticed a centaur warrior
 13660 | D:11     | Killed a two-headed ogre
 13738 | D:10     | XOM: mild Fire miscast
 14256 | D:11     | XOM: noise
 14289 | D:11     | Killed a centaur warrior
 14289 | D:11     | Reached skill level 12 in Fighting
 14289 | D:11     | Reached skill level 12 in Axes
 14458 | D:11     | XOM: god gift: 3 scrolls of teleportation
 14539 | D:11     | XOM: mild Tloc miscast
 14610 | D:11     | Found a staircase to the Lair.
 14610 | D:11     | Noticed an oklob plant
 14626 | D:11     | Killed an oklob plant
 14964 | D:11     | Noticed a brown ugly thing
 14979 | D:11     | Killed a brown ugly thing
 15251 | D:11     | XOM: medium Pois miscast
 15273 | Lair:1   | Entered Level 1 of the Lair of Beasts
 15520 | Lair:1   | Noticed a six-headed hydra
 15533 | Lair:1   | Killed a six-headed hydra
 15669 | Lair:1   | Reached skill level 13 in Fighting
 15686 | Lair:1   | Reached skill level 13 in Axes
 15824 | Lair:1   | Reached XP level 12. HP: 108/115 MP: 13/13
 15927 | D:11     | XOM: noise
 16050 | Lair:1   | Noticed a four-headed hydra
 16102 | D:11     | Killed a six-headed hydra
 16275 | D:11     | XOM: mild Conj miscast
 16529 | Lair:1   | XOM: medium Summ miscast
 16571 | Lair:1   | XOM: noise
 16629 | Lair:1   | XOM: noise
 16710 | Lair:1   | XOM: medium Tloc miscast
 16718 | Lair:1   | XOM: medium Fire miscast
 16718 | Lair:1   | Was forgiven by Xom
 17030 | Lair:2   | Reached skill level 14 in Axes
 17549 | Lair:2   | Found a runed translucent gate.
 17549 | Lair:2   | Found a runed translucent gate.
 17549 | Lair:2   | Found a runed translucent gate.
 17559 | Lair:2   | Noticed Deluxe999's ghost (journeyman MiBe)
 17912 | Lair:2   | Identified a scroll of acquirement
 17922 | Lair:2   | Identified the +1 ring mail "Waeta" {rC+ Int+8 Dex+3} (You
                  | found it in a sewer)
 18026 | Lair:3   | Noticed a catoblepas
 18067 | Lair:3   | Killed a catoblepas
 18365 | Lair:3   | Reached skill level 5 in Dodging
 18482 | Lair:3   | Reached skill level 7 in Shields
 18507 | Lair:3   | Noticed a catoblepas
 18525 | Lair:3   | Killed a catoblepas
 18739 | Lair:3   | Noticed a seven-headed hydra
 18750 | Lair:3   | Killed a seven-headed hydra
 18778 | Lair:3   | Found a staircase to the Swamp.
 18841 | Lair:3   | Reached ***** piety under Trog
 19079 | Lair:3   | You fall into a shaft and drop 2 floors!
 19099 | Lair:5   | Reached skill level 11 in Armour
 19099 | Lair:5   | Reached skill level 6 in Dodging
 19223 | Lair:5   | Found a staircase to the Slime Pits.
 19235 | Lair:5   | Reached skill level 8 in Shields
 19782 | Lair:4   | Reached XP level 13. HP: 108/123 MP: 14/14
 19941 | Lair:3   | Found a staircase to the Snake Pit.
 19976 | Lair:3   | Reached skill level 14 in Fighting
 20040 | Lair:3   | Found a blossoming altar of Fedhas.
 20804 | Lair:4   | Reached skill level 7 in Dodging
 21469 | Lair:4   | Reached skill level 9 in Shields
 22110 | Lair:5   | Found a runed translucent gate.
 22110 | Lair:5   | Found a runed translucent gate.
 22110 | Lair:5   | Found a runed translucent gate.
 22111 | Lair:5   | Noticed Dekurer's ghost (journeyman GrEE)
 22112 | Lair:5   | Noticed Efitis's ghost (journeyman HaHu)
 22599 | Lair:6   | Entered Level 6 of the Lair of Beasts
 22680 | Lair:6   | Reached skill level 12 in Armour
 22855 | Lair:6   | Reached skill level 8 in Dodging
 22859 | Lair:6   | Received a gift from Trog
 23086 | Lair:6   | Reached skill level 10 in Shields
 23133 | Lair:6   | Reached skill level 15 in Fighting
 23657 | Lair:5   | Reached skill level 15 in Axes
 24175 | Lair:6   | Reached XP level 14. HP: 99/135 MP: 15/15
 24229 | Lair:6   | Lost mutation: Your body sometimes deteriorates upon taking
                  | damage. [potion of mutation]
 24229 | Lair:6   | Lost mutation: Your magical capacity is low. (-10% MP)
                  | [potion of mutation]
 24229 | Lair:6   | Gained mutation: Your spells are a little easier to cast,
                  | but a little less powerful. [potion of mutation]
 24229 | Lair:6   | Gained mutation: You have a pair of large horns on your
                  | head. [potion of mutation]
 24357 | Lair:6   | Noticed Josephine
 24366 | Lair:6   | Killed Josephine
 24436 | Lair:6   | Reached skill level 16 in Axes
 24658 | Lair:6   | Received a gift from Trog
 25283 | Lair:6   | Reached skill level 17 in Axes
 27494 | D:13     | Reached skill level 18 in Axes
 28010 | Orc:1    | Entered Level 1 of the Orcish Mines
 28010 | Orc:1    | Noticed Jorgrun
 28020 | Orc:1    | Killed Jorgrun
 28145 | Orc:1    | Noticed Sonja
 28152 | Orc:1    | Killed Sonja
 28246 | Orc:1    | Found a bloodstained altar of Trog.
 28266 | Orc:1    | Received a gift from Trog
 28697 | Orc:2    | Entered Level 2 of the Orcish Mines
 28760 | Orc:2    | Found a dark tunnel.
 28766 | Volcano  | Entered a volcano
 29085 | Volcano  | Found a bloodstained altar of Trog.
 29094 | Volcano  | Noticed a stone giant
 29103 | Volcano  | Killed a stone giant
 29103 | Volcano  | Reached skill level 7 in Evocations
 29480 | Orc:2    | Noticed Nessos
 29488 | Orc:2    | Killed Nessos
 29718 | Orc:2    | Received a gift from Trog
 29739 | Orc:2    | Reached XP level 15. HP: 143/143 MP: 19/19
 29751 | Orc:2    | Reached skill level 13 in Armour
 30081 | Orc:2    | Found Fipan's Jewellery Emporium.
 30081 | Orc:2    | Found Tehi's Book Boutique.
 30083 | Orc:2    | Found Ireq Doo's Armour Boutique.
 30083 | Orc:2    | Found Vomoahec's Book Emporium.
 30292 | Orc:2    | Found a staircase to the Elven Halls.
 30427 | Orc:2    | Bought a +2 plate armour of fire resistance for 440 gold
                  | pieces
 30442 | Orc:2    | Bought the ring "Ugyh" {Wiz *Drain rPois Slay+5} for 792
                  | gold pieces
 31003 | D:14     | Reached skill level 16 in Fighting
 31034 | D:14     | Found a gate to the Vaults.
 31042 | D:14     | Reached skill level 8 in Evocations
 31745 | D:15     | Entered Level 15 of the Dungeon
 32028 | D:15     | Noticed Rupert
 32054 | D:14     | Killed Rupert
 32315 | D:15     | Found a staircase to the Depths.
 32339 | D:15     | Reached skill level 14 in Armour
 32631 | D:15     | Received a gift from Trog
 32634 | D:15     | Got a jewelled war axe {god gift}
 32635 | D:15     | Identified the +2 war axe "Afat" {drain, Str+4 SInv} (Trog
                  | gifted it to you on level 15 of the Dungeon)
 32727 | D:15     | Found a sacrificial altar of Ru.
 33478 | Swamp:1  | Entered Level 1 of the Swamp
 33539 | Swamp:1  | Reached skill level 17 in Fighting
 33923 | Swamp:1  | Reached skill level 15 in Armour
 34222 | Swamp:1  | Noticed a thorn hunter
 34231 | Swamp:1  | Killed a thorn hunter
 34943 | Swamp:2  | Reached skill level 18 in Fighting
 34943 | Swamp:2  | Reached XP level 16. HP: 138/157 MP: 21/21
 35186 | Swamp:2  | Noticed a thorn hunter
 35199 | Swamp:2  | Killed a thorn hunter
 35498 | Swamp:2  | Received a gift from Trog
 36324 | Swamp:3  | Noticed Mara
 36327 | Swamp:3  | Noticed Artagas's illusion
 36332 | Swamp:3  | Killed Mara
 36332 | Swamp:3  | Reached skill level 19 in Fighting
 37057 | Swamp:3  | Noticed a thorn hunter
 37079 | Swamp:3  | Killed a thorn hunter
 37241 | Swamp:3  | Found a runed translucent gate.
 37241 | Swamp:3  | Found a runed translucent gate.
 37243 | Swamp:3  | Found a runed translucent gate.
 37243 | Swamp:3  | Noticed Bidgh's ghost (adept MiBe)
 37444 | Swamp:3  | Reached skill level 9 in Dodging
 37464 | Swamp:3  | Killed Bidgh's ghost
 37464 | Swamp:3  | Reached skill level 11 in Shields
 37581 | Swamp:3  | Identified the amulet of Goituph {Harm *Drain Int+2} (You
                  | found it on level 3 of the Swamp)
 37647 | Swamp:4  | Entered Level 4 of the Swamp
 37848 | Swamp:4  | Reached skill level 16 in Armour
 37861 | Swamp:4  | Noticed a thorn hunter
 38141 | Swamp:3  | Killed a thorn hunter
 38141 | Swamp:3  | Reached skill level 12 in Shields
 38284 | Swamp:4  | Found a runed translucent gate.
 38285 | Swamp:4  | Found a runed translucent gate.
 38286 | Swamp:4  | Found a runed translucent gate.
 38293 | Swamp:4  | Noticed soark's ghost (adept DsFi)
 38550 | Swamp:4  | Noticed a thorn hunter
 38571 | Swamp:4  | Killed a thorn hunter
 38595 | Swamp:4  | Reached XP level 17. HP: 84/169 MP: 22/22
 38881 | Swamp:4  | Reached skill level 20 in Fighting
 38905 | Swamp:4  | Got a decaying rune of Zot
 39088 | Swamp:4  | Killed soark's ghost
 39240 | Snake:1  | Entered Level 1 of the Snake Pit
 39769 | Snake:1  | Found Ejuroy's Antique Armour Boutique.
 39781 | Snake:1  | Bought a dazzling large shield for 266 gold pieces
 39791 | Snake:1  | Identified the +2 large shield "Rodosa Lye" {Int+2} (You
                  | bought it in a shop on level 1 of the Snake Pit)
 39792 | Snake:1  | Bought a pair of embroidered gloves for 210 gold pieces
 39792 | Snake:1  | Bought a pair of embroidered gloves for 210 gold pieces
 40016 | Snake:1  | Bought a faintly humming chain mail for 266 gold pieces
 40026 | Snake:1  | Identified the +6 chain mail of Dogmatism {rPois rC+ Dex-3
                  | Slay+4} (You bought it in a shop on level 1 of the Snake
                  | Pit)
 40130 | Snake:1  | Received a gift from Trog
 40343 | Snake:2  | Reached skill level 21 in Fighting
 41136 | Snake:2  | Found Jyuc's Book Emporium.
 41136 | Snake:2  | Found Ywaaj's Assorted Antiques.
 41191 | Snake:2  | Bought a potion of curing for 81 gold pieces
 42191 | Snake:3  | Found Uxogh's Gadget Emporium.
 42191 | Snake:3  | Found Jeuxuhud's Magic Scroll Emporium.
 42199 | Snake:3  | Found Nidy's Antique Armour Emporium.
 42199 | Snake:3  | Found Zeoby's Book Emporium.
 42206 | Snake:3  | Bought a scroll of teleportation for 33 gold pieces
 42206 | Snake:3  | Bought 3 scrolls of fog for 66 gold pieces
 42206 | Snake:3  | Bought a scroll of blinking for 82 gold pieces
 42374 | Snake:3  | Noticed Aizul
 42502 | Snake:3  | Reached skill level 13 in Shields
 42549 | Snake:3  | Reached ****** piety under Trog
 42646 | Snake:3  | Killed Aizul
 43135 | Snake:4  | Entered Level 4 of the Snake Pit
 43539 | Snake:4  | Reached skill level 17 in Armour
 43545 | Snake:4  | Reached XP level 18. HP: 171/182 MP: 23/23
 43825 | Snake:4  | Received a gift from Trog
 44560 | Snake:4  | Reached skill level 14 in Shields
 44615 | Snake:4  | Reached skill level 22 in Fighting
 45187 | Snake:4  | Received a gift from Trog
 45750 | Snake:4  | Noticed Voker57's ghost (adept HOFi)
 45752 | Snake:4  | Found a transporter.
 45774 | Snake:4  | Found a transporter.
 45982 | Snake:4  | Got a serpentine rune of Zot
 46102 | Snake:3  | Bought a pair of smoking boots for 294 gold pieces
 46112 | Snake:3  | Identified the cursed +0 pair of boots of Complete
                  | Protection {MP+9} (You bought it in a shop on level 3 of
                  | the Snake Pit)
 46343 | Elf:1    | Entered Level 1 of the Elven Halls
 46444 | Elf:1    | Reached skill level 18 in Armour
 46660 | Elf:1    | Reached skill level 15 in Shields
 46830 | Elf:1    | Noticed a Tzitzimitl
 47425 | Elf:1    | Received a gift from Trog
 47697 | Elf:2    | Reached XP level 19. HP: 178/193 MP: 24/24
 48103 | Elf:2    | Found Jeatac Qeint's Weapon Boutique.
 48325 | Elf:2    | Found a huge runed translucent gate.
 48325 | Elf:2    | Found a huge runed translucent gate.
 48325 | Elf:2    | Found a huge runed translucent gate.
 48331 | Elf:2    | Found a huge runed translucent gate.
 48332 | Elf:2    | Found a huge runed translucent gate.
 48655 | Elf:2    | Received a gift from Trog
 48655 | Elf:2    | Reached skill level 16 in Shields
 48663 | Elf:2    | Reached skill level 19 in Armour
 48667 | Elf:2    | Reached skill level 23 in Fighting
 48980 | Elf:3    | Entered Level 3 of the Elven Halls
 49199 | Elf:3    | Found Fyoganap's Antique Armour Shoppe.
 49821 | Elf:3    | Reached skill level 9 in Evocations
 49829 | Elf:3    | Received a gift from Trog
 50065 | Elf:3    | Noticed Louise
 50076 | Elf:3    | Killed Louise
 50223 | Elf:3    | HP: 12/196 [deep elf sorcerer/damnation (52)]
 50224 | Elf:3    | HP: 2/196 [deep elf sorcerer/bolt of acid (12)]
 50224 | Elf:3    | Splashed by a deep elf sorcerer's acid

Levels and vault maps discovered:
D:1:      dpeg_arrival_erosion, layout_rooms
D:2:      layout_basic, zin_purify, uniq_natasha
D:3:      layout_basic, uniq_ijyb
D:4:      layout_cave_pools, kennysheep_little_box, temple_doors_ab,
          serial_shops, kennysheep_mini, uniq_blork_the_orc
D:5:      layout_basic, dancing_weapons_uskayaw, minitemple, first_ration,
          minmay_checkerbox, uniq_eustachio
D:6:      kennysheep_slugbush, layout_loops_ring, portal_sewer_entry_f,
          chequers_jeans, uniq_pikel, uniq_grinder
D:7:      layout_loops_ring, gammafunk_temple_of_torment,
          nicolae_overflow_crystal_walls, ebering_ghost_disaster_area
D:8:      layout_loops_ring, overflow_temple_1_default, basic_altar,
          hangedman_little_slice_of_home, nrook_campfire, uniq_grum,
          uniq_joseph, uniq_maurice
D:9:      layout_loops_ring, serial_shops, nicolae_shop_behind_doors,
          basic_altar, tgw_xom
D:10:     layout_cave_pods, orc_0_dummy, minmay_misc_feat_tower, uniq_urug
D:11:     layout_loops_ring, dpeg_oklobed_lair, gauntlet_entry_generic,
          uniq_erolcha, uniq_snorg
D:12:     cheibrodos_helix_gallery, layout_irregular_city
D:13:     layout_irregular_city
D:14:     layout_basic, skrybe_vaults_entry_preservation
D:15:     hangedman_depths_entry_try_elsewhere_first, layout_grid_maze,
          hangedman_ru_absence, uniq_rupert
Temple:   kb_corrupted_temple
Lair:1:   layout_long_grid, grunt_megastairs_1
Lair:2:   layout_roguey, gammafunk_ghost_necromancy
Lair:3:   layout_cave_pods, swamp_mist, guppyfry_snake_entry_garden,
          minivault_19, st_stairs_9, lemuel_centaur_altar, lemuel_fruit_fields
Lair:4:   layout_misc_corridors, beast_lair_carwin_8
Lair:5:   layout_roguey, minmay_slime_entry_eyes, gammafunk_ghost_cemetery,
          grunt_megastairs_3, infiniplex_staircase_pool
Lair:6:   minmay_lair_end_frog_pond, layout_loops_ring, uniq_josephine
Swamp:1:  layout_falls_marsh, evilmike_swamp_ruin_house_3
Swamp:2:  layout_falls_marsh, evilmike_swamp_ruin_wall
Swamp:3:  layout_falls_marsh, gammafunk_ghost_split,
          nicolae_swamp_trees_clearing, swamp_pool5, uniq_mara
Swamp:4:  swamp, layout_basic_swamp, gammafunk_ghost_necromancy
Snake:1:  layout_grid_shapes, serial_shops, shop
Snake:2:  layout_layer_cave, nrook_guardian_serpent_ordinary,
          grunt_megastairs_4, minmay_shoptagon
Snake:3:  layout_onion_interference, st_stairs_11, drop_trap,
          serial_bayou_pond_c, grunt_ministairs_4, serial_bayou_ford_a,
          serial_bayou_pond_b, minmay_shop_grid_forest, nrook_loot_triangle,
          uniq_aizul
Snake:4:  johnstein_snake_rune_scales, layout_rooms,
          gammafunk_ghost_berserking_beasts
Orc:1:    layout_caves, trog_butcher_becter, uniq_sonja, uniq_jorgrun
Orc:2:    grunt_orc_tribal_feast, layout_diamond_mine, enter_volcano_3,
          uniq_nessos
Elf:1:    layout_loops_cross, hangedman_elf_represent
Elf:2:    layout_onion_city, serial_shops, shop
Elf:3:    elf_hall, layout_gridlike, serial_shops, shop, basic_altar,
          minmay_shop_grove, uniq_louise

Skill      XL: |  1  2  3  4  5  6  7  8  9 10 11 12 13 14 15 16 17 18 19 |
---------------+----------------------------------------------------------+-----
Fighting       | 4 5 6 7 8 11 13 15 18 19 21 22 23 | 23.6
Axes           | 4 5 6 7 8 10 11 13 14 15 18 | 18.0
Armour         | 3 5 6 7 9 10 11 12 15 16 17 18 19 | 19.0
Dodging        | 2 3 4 6 8 9 |  9.0
Shields        | 4 6 8 10 12 13 15 16 | 16.0
Evocations     | 5 6 7 8 9 |  9.7

Action                   |  1- 3 |  4- 6 |  7- 9 | 10-12 | 13-15 | 16-18 | 19-21 || total
-------------------------+-------+-------+-------+-------+-------+-------+-------++-------
Melee: Hand axe          |    49 |   129 |     9 |       |       |       |       ||   187
       Headbutt          |    12 |    22 |    66 |   181 |   212 |   248 |    31 ||   772
       War axe           |       |       |   387 |   784 |   231 |       |       ||  1402
       Unarmed           |       |       |       |     6 |       |       |       ||     6
       Mace              |       |       |       |    12 |    41 |       |       ||    53
       Broad axe         |       |       |       |       |   825 |  1088 |   218 ||  2131
       Scimitar          |       |       |       |       |     4 |       |       ||     4
Throw: Javelin           |       |       |       |       |     2 |       |       ||     2
Invok: Berserk           |       |       |     4 |    12 |    13 |     3 |     1 ||    33
       Trog's Hand       |       |       |       |     6 |     6 |     4 |     2 ||    18
       Brothers in Arms  |       |       |       |     2 |     2 |     7 |     2 ||    13
Evoke: Wand              |       |       |       |    14 |     3 |       |     7 ||    24
       Box of beasts     |       |       |       |       |     1 |       |       ||     1
  Use: Scroll            |     2 |     4 |    12 |    14 |    16 |     9 |     4 ||    61
       Potion            |       |     5 |       |     4 |     5 |     3 |     1 ||    18
 Stab: Petrified         |     2 |       |       |       |       |       |       ||     2
       Paralysed         |       |       |       |       |     2 |       |       ||     2
       Distracted        |       |       |       |       |     2 |     1 |     1 ||     4
  Eat: Chunk             |       |     7 |    17 |    21 |    37 |    12 |    10 ||   104
       Ration            |       |       |     2 |     9 |     8 |    11 |       ||    30
Armor: Leather armour    |    24 |    27 |       |       |       |       |       ||    51
       Chain mail        |       |       |   199 |   373 |   285 |       |       ||   857
       Plate armour      |       |       |       |       |   116 |   365 |    69 ||   550
Dodge: Dodged            |    46 |    73 |    92 |   234 |   301 |   203 |    19 ||   968
Block: Shield            |       |       |   160 |   513 |   649 |   238 |       ||  1560
       Large shield      |       |       |       |       |       |   598 |   160 ||   758

Table legend:
 A = Non-vault XP
 B = Vault XP
 C = Vault XP percentage of total XP
 D = Non-vault monster count
 E = Vault monster count
 F = Vault count percentage of total count
                 A         B        C        D         E       F
            +---------+---------+-------+---------+---------+-------
      Total |  253219 |  199003 |  44.0 |     857 |     397 |  31.7
            +---------+---------+-------+---------+---------+-------
        D:1 |      27 |       0 |   0.0 |      14 |       0 |   0.0
        D:2 |     120 |      35 |  22.6 |      26 |       1 |   3.7
        D:3 |      99 |      36 |  26.7 |      14 |       1 |   6.7
        D:4 |     510 |      99 |  16.3 |      15 |       1 |   6.2
        D:5 |     413 |     204 |  33.1 |      13 |       2 |  13.3
        D:6 |     945 |     931 |  49.6 |      21 |       9 |  30.0
        D:7 |     729 |       0 |   0.0 |      26 |       0 |   0.0
        D:8 |    2065 |    1507 |  42.2 |      29 |      13 |  31.0
        D:9 |     845 |      50 |   5.6 |      19 |       6 |  24.0
       D:10 |    2031 |    1995 |  49.6 |      21 |       2 |   8.7
       D:11 |    4857 |    1543 |  24.1 |      34 |       3 |   8.1
       D:12 |    6807 |     245 |   3.5 |      38 |       2 |   5.0
       D:13 |    3371 |       0 |   0.0 |      20 |       0 |   0.0
       D:14 |    5842 |    7104 |  54.9 |      13 |      10 |  43.5
       D:15 |   10029 |    2567 |  20.4 |      26 |       4 |  13.3
     Lair:1 |    4352 |      84 |   1.9 |      16 |       1 |   5.9
     Lair:2 |    2703 |       0 |   0.0 |      15 |       0 |   0.0
     Lair:3 |    6678 |    1343 |  16.7 |      20 |       9 |  31.0
     Lair:4 |    3568 |    2697 |  43.0 |      13 |       7 |  35.0
     Lair:5 |    4904 |    4440 |  47.5 |      17 |      11 |  39.3
     Lair:6 |   12009 |   13908 |  53.7 |      33 |      52 |  61.2
    Swamp:1 |   15564 |       0 |   0.0 |      34 |       0 |   0.0
    Swamp:2 |   13324 |       0 |   0.0 |      26 |       0 |   0.0
    Swamp:3 |   19470 |   10610 |  35.3 |      42 |      10 |  19.2
    Swamp:4 |   10490 |   22506 |  68.2 |      30 |      38 |  55.9
    Snake:1 |   12379 |       0 |   0.0 |      34 |       0 |   0.0
    Snake:2 |   17459 |    4452 |  20.3 |      36 |       7 |  16.3
    Snake:3 |   13395 |    5940 |  30.7 |      23 |       8 |  25.8
    Snake:4 |   24699 |   35841 |  59.2 |      46 |      60 |  56.6
      Orc:1 |    3241 |    4269 |  56.8 |      32 |       6 |  15.8
      Orc:2 |    1457 |    8755 |  85.7 |      30 |      33 |  52.4
      Elf:1 |   19310 |    6420 |  25.0 |      31 |       9 |  22.5
      Elf:2 |   19783 |   23776 |  54.6 |      28 |      30 |  51.7
      Elf:3 |    9744 |   33235 |  77.3 |      22 |      23 |  51.1
      Sewer |       0 |     245 | 100.0 |       0 |      24 | 100.0
    Volcano |       0 |    4166 | 100.0 |       0 |      15 | 100.0
            +---------+---------+-------+---------+---------+-------

Levels and vault maps discovered:
D:1:      dpeg_arrival_erosion, layout_rooms
D:2:      layout_basic, zin_purify, uniq_natasha
D:3:      layout_basic, uniq_ijyb
D:4:      layout_cave_pools, kennysheep_little_box, temple_doors_ab,
          serial_shops, kennysheep_mini, uniq_blork_the_orc
D:5:      layout_basic, dancing_weapons_uskayaw, minitemple, first_ration,
          minmay_checkerbox, uniq_eustachio
D:6:      kennysheep_slugbush, layout_loops_ring, portal_sewer_entry_f,
          chequers_jeans, uniq_pikel, uniq_grinder
D:7:      layout_loops_ring, gammafunk_temple_of_torment,
          nicolae_overflow_crystal_walls, ebering_ghost_disaster_area
D:8:      layout_loops_ring, overflow_temple_1_default, basic_altar,
          hangedman_little_slice_of_home, nrook_campfire, uniq_grum,
          uniq_joseph, uniq_maurice
D:9:      layout_loops_ring, serial_shops, nicolae_shop_behind_doors,
          basic_altar, tgw_xom
D:10:     layout_cave_pods, orc_0_dummy, minmay_misc_feat_tower, uniq_urug
D:11:     layout_loops_ring, dpeg_oklobed_lair, gauntlet_entry_generic,
          uniq_erolcha, uniq_snorg
D:12:     cheibrodos_helix_gallery, layout_irregular_city
D:13:     layout_irregular_city
D:14:     layout_basic, skrybe_vaults_entry_preservation
D:15:     hangedman_depths_entry_try_elsewhere_first, layout_grid_maze,
          hangedman_ru_absence, uniq_rupert
Temple:   kb_corrupted_temple
Lair:1:   layout_long_grid, grunt_megastairs_1
Lair:2:   layout_roguey, gammafunk_ghost_necromancy
Lair:3:   layout_cave_pods, swamp_mist, guppyfry_snake_entry_garden,
          minivault_19, st_stairs_9, lemuel_centaur_altar, lemuel_fruit_fields
Lair:4:   layout_misc_corridors, beast_lair_carwin_8
Lair:5:   layout_roguey, minmay_slime_entry_eyes, gammafunk_ghost_cemetery,
          grunt_megastairs_3, infiniplex_staircase_pool
Lair:6:   minmay_lair_end_frog_pond, layout_loops_ring, uniq_josephine
Swamp:1:  layout_falls_marsh, evilmike_swamp_ruin_house_3
Swamp:2:  layout_falls_marsh, evilmike_swamp_ruin_wall
Swamp:3:  layout_falls_marsh, gammafunk_ghost_split,
          nicolae_swamp_trees_clearing, swamp_pool5, uniq_mara
Swamp:4:  swamp, layout_basic_swamp, gammafunk_ghost_necromancy
Snake:1:  layout_grid_shapes, serial_shops, shop
Snake:2:  layout_layer_cave, nrook_guardian_serpent_ordinary,
          grunt_megastairs_4, minmay_shoptagon
Snake:3:  layout_onion_interference, st_stairs_11, drop_trap,
          serial_bayou_pond_c, grunt_ministairs_4, serial_bayou_ford_a,
          serial_bayou_pond_b, minmay_shop_grid_forest, nrook_loot_triangle,
          uniq_aizul
Snake:4:  johnstein_snake_rune_scales, layout_rooms,
          gammafunk_ghost_berserking_beasts
Orc:1:    layout_caves, trog_butcher_becter, uniq_sonja, uniq_jorgrun
Orc:2:    grunt_orc_tribal_feast, layout_diamond_mine, enter_volcano_3,
          uniq_nessos
Elf:1:    layout_loops_cross, hangedman_elf_represent
Elf:2:    layout_onion_city, serial_shops, shop
Elf:3:    elf_hall, layout_gridlike, serial_shops, shop, basic_altar,
          minmay_shop_grove, uniq_louise

Table legend:
 A = Turns spent in this place as a percentage of turns spent in the entire game.
 B = Non-inter-level travel turns spent in this place as a percentage of non-inter-level travel turns spent in the entire game.
 C = Inter-level travel turns spent in this place as a percentage of turns spent in this place.
 D = Turns resting spent in this place as a percentage of non-inter-level travel turns spent in this place.
 E = Turns spent auto-exploring this place as a percentage of non-inter-level travel turns spent in this place.
 F = Non-inter-level travel turns spent in this place divided by the number of levels of this place that you've seen.
                   A       B       C       D       E      F
               +-------+-------+-------+-------+-------+----------------------
         Total | 100.0 | 100.0 |   5.8 |  29.1 |  50.8 | 1279.1
       Dungeon |  40.6 |  40.0 |   7.2 |  27.1 |  56.0 | 1260.6
        Temple |   0.2 |   0.2 |   8.2 |   0.0 |  82.2 |  90.0
          Lair |  21.1 |  21.2 |   5.5 |  32.3 |  48.9 | 1668.3
         Swamp |  10.9 |  11.1 |   4.4 |  31.7 |  45.6 | 1310.2
     Snake Pit |  13.9 |  14.0 |   5.0 |  34.2 |  46.0 | 1655.5
  Orcish Mines |   3.6 |   3.5 |   7.6 |  32.4 |  40.1 | 839.0
   Elven Halls |   7.7 |   8.0 |   2.8 |  20.4 |  55.7 | 1257.3
         Sewer |   0.6 |   0.6 |   0.0 |   0.0 |  33.3 | 306.0
       Volcano |   1.4 |   1.5 |   0.0 |  24.5 |  28.5 | 699.0
               +-------+-------+-------+-------+-------+----------------------

Table legend:
 A = Kills in this place as a percentage of kills in entire the game.
 B = Kills by you in this place as a percentage of kills by you in the entire game.
 C = Kills by friends in this place as a percentage of kills by friends in the entire game.
 D = Other kills in this place as a percentage of other kills in the entire game.
 E = Experience gained in this place as a percentage of experience gained in the entire game.
 F = Experience gained in this place divided by the number of levels of this place that you have seen.
                   A       B       C       D       E      F
               +-------+-------+-------+-------+-------+----------------------
         Total | 100.0 | 100.0 | 100.0 | 100.0 | 100.0 | 12222.2
       Dungeon |  30.5 |  31.0 |  16.1 |  20.0 |  12.2 | 3667.1
          Lair |  15.5 |  15.9 |   0.0 |   0.0 |  12.5 | 9447.7
         Swamp |  14.4 |  14.4 |   9.7 |  40.0 |  20.3 | 22991.0
     Snake Pit |  17.1 |  16.4 |  41.9 |  20.0 |  25.2 | 28541.2
  Orcish Mines |   8.1 |   8.0 |   9.7 |   0.0 |   3.9 | 8861.0
   Elven Halls |  11.4 |  11.1 |  22.6 |  20.0 |  24.8 | 37422.7
         Sewer |   1.9 |   2.0 |   0.0 |   0.0 |   0.1 | 245.0
       Volcano |   1.2 |   1.2 |   0.0 |   0.0 |   0.9 | 4166.0
               +-------+-------+-------+-------+-------+----------------------
